 Dungeon Crawl Stone Soup version 0.22.1-1-ga44c0e5 (webtiles) character file.

1537 Fang the Chopper (level 8, 0/51 HPs)
             Began as a Gargoyle Berserker on Nov 8, 2018.
             Was a Priest of Trog.
             Slain by a killer bee (4 damage)
             ... on level 7 of the Dungeon on Nov 9, 2018.
             The game lasted 00:07:30 (6997 turns).

Fang the Chopper (Gargoyle Berserker)               Turns: 6997, Time: 00:07:30

Health: 0/51       AC: 13    Str: 23    XL:     8   Next: 86%
Magic:  8/8        EV: 11    Int:  8    God:    Trog [***...]
Gold:   300        SH:  0    Dex:  9    Spells: 7/7 levels left

rFire    . . .     SeeInvis .   w - -1 hand axe (curse)
rCold    + . .     Gourm    .   (no shield)
rNeg     + . .     Faith    .   s - +0 scale mail (curse)
rPois    ∞         Spirit   .   v - +1 hat
rElec    +         Reflect  .   (no cloak)
rCorr    .         Harm     .   (no gloves)
MR       .....                  (no boots)
Stlth    ..........             h - amulet of inaccuracy (curse)
HPRegen  0.17/turn              t - ring of protection from cold
MPRegen  0.11/turn              (no ring)

@: berserk cooldown, slowed, very slow
A: negative energy resistance 1, electricity resistance, unbreathing,
petrification resistance, rot immunity, AC +5
a: Berserk, Trog's Hand, Renounce Religion


You were on level 7 of the Dungeon.
You worshipped Trog.
Trog was most pleased with you.
You were not hungry.

You visited 2 branches of the dungeon, and saw 8 of its levels.

You collected 300 gold pieces.

Inventory:

Hand Weapons
 p - a +0 war axe
 w - a cursed -1 hand axe (weapon)
Armour
 b - a +0 animal skin
 s - a cursed +0 scale mail (worn)
 v - a +1 hat (worn)
Jewellery
 h - a cursed amulet of inaccuracy (around neck)
 t - a ring of protection from cold (left hand)
 C - an uncursed ring of poison resistance {unknown}
Wands
 n - a wand of flame (56)
 B - a wand of paralysis (13)
 E - a wand of random effects (27)
Scrolls
 a - 3 scrolls of fear {unknown}
 e - 7 scrolls of remove curse {unknown}
 f - a scroll of enchant weapon {unknown}
 g - 2 scrolls of teleportation {unknown}
 j - 3 scrolls of amnesia {unknown}
 m - 5 scrolls of identify {unknown}
 r - a scroll of enchant armour {unknown}
 y - 3 scrolls of fog {unknown}
 A - a scroll of blinking {unknown}
Potions
 d - 2 potions of curing {unknown}
 i - 2 potions of heal wounds {unknown}
 k - 3 potions of lignification {unknown}
 l - 2 potions of degeneration {unknown}
 o - 2 potions of mutation {unknown}
 q - 2 potions of resistance {unknown}
 u - 2 potions of haste {unknown}
 x - a potion of magic {unknown}
 z - a potion of ambrosia {unknown}
 D - a potion of might {unknown}
Comestibles
 c - 10 rations


   Skills:
 + Level 6.2 Fighting
 + Level 7.2 Axes
 + Level 4.7 Armour
 + Level 4.0 Dodging
 + Level 1.4 Stealth


You had 7 spell levels left.
You didn't know any spells.
Your spell library was empty.

Dungeon Overview and Level Annotations

Branches:
Dungeon (7/15)             Temple (1/1) D:5

Altars:
Ashenzari
Cheibriados
Dithmenos
Hepliaklqana
Kikubaaqudgha
Makhleb
Nemelex Xobeh
Okawaru
Qazlal
Ru
Sif Muna
Trog
Uskayaw
Wu Jian
Xom
Yredelemnul
Zin
The Shining One


Innate Abilities, Weirdness & Mutations

You are resistant to torment.
Your stone body is resilient. (AC +5)
You are immune to poison.
You resist negative energy. (rN+)
You are resistant to electric shocks. (rElec)
You can survive without breathing.
You are immune to petrification.
You are immune to rotting.


Message History

* * * LOW HITPOINT WARNING * * *
The killer bee closely misses you. The killer bee barely misses you.
The killer bee closely misses you.
The killer bee stings you but does no damage.
The killer bee barely misses you. The killer bee stings you.
* * * LOW HITPOINT WARNING * * *
The killer bee stings you.
* * * LOW HITPOINT WARNING * * *
The killer bee barely misses you.
You hit the killer bee but do no damage.
The killer bee is heavily wounded.
You completely miss the killer bee. You hit the killer bee.
The killer bee barely misses you.
The killer bee stings you but does no damage. x2
The killer bee barely misses you.
The killer bee stings you but does no damage.
The killer bee barely misses you.
The killer bee stings you but does no damage.
The killer bee stings you.
You die...

#. .. #.##### ##..... ..
.. ..... ... . . .y.
#.#.#.#
#..####y#######.#.#.###
#.....y@y...............
#..####.#######.#.....##
#..####.#######.#.#.#.##
....................#.##
###############.....#.##
............_..#.##
<.........._8_...##
##########.._....##
#.........


You could see 4 killer bees.

Vanquished Creatures
  Eustachio (D:6)
  Edmund (D:4)
  Duvessa (D:6)
  A water moccasin (D:6)
  An ice beast (D:6)
  An ogre (D:6)
  Blork the orc (D:6)
  2 wyvern zombies (D:6)
  Dowan (D:6)
  2 killer bees (D:7)
  A bullfrog zombie (D:6)
  A centaur skeleton (D:4)
  3 hounds (D:4)
  An orc priest (D:6)
  An iguana (D:6)
  Terence (D:3)
  3 orc wizards
  A worker ant (D:5)
  A worker ant zombie (D:6)
  A gnoll (D:4)
  7 adders
  2 shadow imps
  An adder skeleton (D:4)
  A worm (D:6)
  2 dart slugs (D:2)
  2 leopard geckos
  12 orcs
  5 giant cockroaches
  4 goblins
  10 hobgoblins
  7 jackals
  5 kobolds
  3 quokkas
  2 ball pythons
  4 bats
  4 frilled lizards
  A jackal skeleton (D:4)
  A leopard gecko skeleton (D:6)
  5 rats
104 creatures vanquished.

Vanquished Creatures (others)
  An orc wizard (D:6)
1 creature vanquished.

Grand Total: 105 creatures vanquished

Notes
Turn   | Place    | Note
-------+----------+-------------------------------------------
     0 | D:1      | Fang the Gargoyle Berserker began the quest for the Orb.
     0 | D:1      | Reached XP level 1. HP: 14/14 MP: 1/1
   269 | D:1      | Reached XP level 2. HP: 19/19 MP: 2/2
   360 | D:1      | Reached skill level 3 in Axes
   768 | D:2      | Reached XP level 3. HP: 21/24 MP: 3/3
  1030 | D:2      | Reached ** piety under Trog
  1323 | D:2      | Reached XP level 4. HP: 29/29 MP: 4/4
  1542 | D:3      | Noticed Terence
  1556 | D:3      | Killed Terence
  1556 | D:3      | Reached skill level 4 in Axes
  1926 | D:3      | Reached XP level 5. HP: 29/33 MP: 5/5
  2183 | D:4      | Found a hide-covered altar of Uskayaw.
  2284 | D:4      | Noticed Edmund
  2303 | D:4      | Killed Edmund
  2303 | D:4      | Reached XP level 6. HP: 39/39 MP: 6/6
  2329 | D:4      | Reached skill level 5 in Axes
  3202 | D:5      | Entered Level 5 of the Dungeon
  3330 | D:5      | Found a shadowy altar of Dithmenos.
  3401 | D:5      | Found a staircase to the Ecumenical Temple.
  3690 | D:5      | Found a bloodstained altar of Trog.
  3703 | D:5      | Reached skill level 1 in Stealth
  3804 | D:5      | Reached XP level 7. HP: 40/44 MP: 7/7
  3964 | D:5      | Found a stormy altar of Qazlal.
  4207 | Temple   | Entered the Ecumenical Temple
  4633 | D:6      | Found a shimmering altar of Xom.
  4792 | D:6      | HP: 2/44 [wyvern zombie (5)]
  4793 | D:6      | Reached skill level 6 in Axes
  5188 | D:6      | Found a sparkling altar of Nemelex Xobeh.
  5615 | D:6      | Reached *** piety under Trog
  5648 | D:6      | Reached skill level 5 in Fighting
  5648 | D:6      | Reached XP level 8. HP: 28/49 MP: 8/8
  5780 | D:6      | Noticed Eustachio
  5832 | D:6      | Killed Eustachio
  6192 | D:6      | Noticed Blork the orc
  6210 | D:6      | Killed Blork the orc
  6410 | D:6      | Reached skill level 7 in Axes
  6532 | D:6      | Found a burning altar of Makhleb.
  6532 | D:6      | Noticed Duvessa
  6534 | D:6      | Noticed Dowan
  6573 | D:6      | Killed Duvessa
  6575 | D:6      | Killed Dowan
  6866 | D:7      | Found a glowing silver altar of Zin.
  6867 | D:7      | Found a sacrificial altar of Ru.
  6867 | D:7      | Found an ancient bone altar of Kikubaaqudgha.
  6868 | D:7      | Found a snail-covered altar of Cheibriados.
  6997 | D:7      | Slain by a killer bee

Skill      XL: |  1  2  3  4  5  6  7  8 |
---------------+-------------------------+-----
Axes           | 3 4 5 6 7 |  7.2
Dodging        | 2 3 4 |  4.0
Fighting       | 4 5 6 |  6.2
Stealth        | 1 |  1.4
Armour         | 3 4 |  4.7

Action                   |  1- 3 |  4- 6 |  7- 9 || total
-------------------------+-------+-------+-------++-------
Melee: Hand axe          |   127 |    41 |   352 ||   520
       War axe           |       |    91 |    51 ||   142
Invok: Berserk           |       |     2 |     4 ||     6
  Eat: Chunk             |       |    10 |     8 ||    18
       Ration            |       |       |     2 ||     2
Armor: Animal skin       |    37 |    33 |       ||    70
       Scale mail        |       |     6 |   362 ||   368
Dodge: Dodged            |   103 |   110 |   354 ||   567
